 Dungeon Crawl Stone Soup version 0.26.1-2-gb8aa6d0cf2 (webtiles) character file.

Game seed: 2503593513969069097

32 Descartes the Magician (level 3, -2/19 HPs)
             Began as a Deep Elf Hedge Wizard on Feb 26, 2021.
             Slain by an adder (4 damage)
             ... on level 2 of the Dungeon.
             The game lasted 00:03:44 (1583 turns).

Descartes the Magician (Deep Elf Hedge Wizard)      Turns: 1583, Time: 00:03:44

Health: -2/19      AC:  4    Str:  5 (7)  XL:     3   Next: 8%
Magic:  5/10       EV:  8    Int: 18 (19) God:
Gold:   69         SH: 11    Dex: 12 (14) Spells: 9/10 levels left

rFire    . . .     SeeInvis .   a - +0 dagger
rCold    . . .     Faith    .   i - +0 kite shield
rNeg     . . .     Spirit   .   g - +0 leather armour
rPois    .         Reflect  +   c - +0 hat
rElec    .         Harm     .   k - +0 cloak
rCorr    .         Rampage  .   (no gloves)
Will     .....                  (no boots)
Stlth    ++........             e - amulet of reflection
HPRegen  0.06/turn              (no ring)
MPRegen  0.12/turn              (no ring)

@: lethally poisoned (-2 -> -9)
A: no striking features
a: no special abilities


You were on level 2 of the Dungeon.
You visited 1 branch of the dungeon, and saw 2 of its levels.

You collected 69 gold pieces.

Inventory:

Hand Weapons
 a - a +0 dagger (weapon)
Missiles
 d - 37 stones
 f - 3 boomerangs
Armour
 b - a +0 robe
 c - a +0 hat (worn)
 g - a +0 leather armour (worn)
 i - a +0 kite shield (worn)
 k - a +0 cloak (worn)
Jewellery
 e - an amulet of reflection (around neck)
Scrolls
 h - a scroll of teleportation {unknown}
 j - 2 scrolls of enchant armour {unknown}
 m - a scroll of blinking {unknown}


   Skills:
 - Level 2.4 Dodging
 - Level 2.4 Stealth
 - Level 4.4 Spellcasting
 + Level 3.4 Conjurations
 - Level 1.1 Summonings
 - Level 1.1 Translocations


You had 9 spell levels left.
You knew the following spells:

 Your Spells              Type           Power        Failure   Level
a - Magic Dart            Conj           64%          38%         1

Your spell library contained the following spells:

 Spells                   Type           Power        Failure   Level
 Blink                    Tloc           N/A          85%         2
 Call Imp                 Summ           7%           85%         2
 Slow                     Hex            3%           94%         2
 Conjure Flame            Conj/Fire      10%          94%         3
 Mephitic Cloud           Conj/Pois/Air  8%           97%         3


Dungeon Overview and Level Annotations

Branches:
Dungeon (2/15)

Altars:


Message History

The adder poisons you! You block the adder's attack.
You hit the adder.
The adder is heavily wounded.
* * * LOW HITPOINT WARNING * * *
You feel sick. The adder bites you but does no damage.
You hit the adder but do no damage.
The adder is heavily wounded.
* * * LOW HITPOINT WARNING * * *
You feel sick. You block the adder's attack.
You hit the adder but do no damage.
The adder is heavily wounded.
You block the adder's attack. x2
You miss the adder.
The adder is heavily wounded.
* * * LOW HITPOINT WARNING * * *
You feel sick. The adder bites you but does no damage.
You hit the adder.
The adder is severely wounded.
The adder bites you.
You die...

.. #. .# ##### .. #.# #.
#.... #. #.# #. #.### #.
#.# #. #.##. # #.## #.#
#.##.#.< #. #..# #.#
#....... #..##.######.#
#..#<#..
#....gS@.....####..#.##.
#.###.#####.............
#.# ##.####....###
#.######.#####.#####
#..........)..........
#...##################
...### ####


You could see an adder and a goblin.

Vanquished Creatures
  A worm (D:2)
  2 dart slugs (D:1)
  A bat (D:1)
  2 giant cockroaches (D:1)
  5 goblins
  6 hobgoblins (D:1)
  3 kobolds (D:1)
  2 rats (D:1)
22 creatures vanquished.

Notes
Turn   | Place    | Note
-------+----------+-------------------------------------------
     0 | D:1      | Descartes the Deep Elf Hedge Wizard began the quest for the
                  | Orb.
     0 | D:1      | Reached XP level 1. HP: 10/10 MP: 7/7
   345 | D:1      | Reached XP level 2. HP: 11/15 MP: 7/9
  1499 | D:2      | Reached XP level 3. HP: 19/19 MP: 7/10
  1583 | D:2      | Slain by an adder

Illustrated notes

Levels and vault maps discovered:
D:1:      dpeg_arrival_rhombi, layout_loops_ring
D:2:      layout_loops_ring

Skill      XL: |  1  2 |
---------------+-------+-----
Conjurations   | 2 3 |  3.4
Dodging        | |  2.4
Stealth        | |  2.4
Spellcasting   | |  4.4
Summonings     | |  1.1
Translocations | |  1.1

Action                   || total
-------------------------++-------
Melee: Dagger            ||    27
 Cast: Magic Dart        ||    65
  Use: Potion            ||     2
Armor: Robe              ||     1
       Leather armour    ||    10
Dodge: Dodged            ||    11
Block: Other             ||     3
       Reflection        ||     1
       Kite shield       ||    14
